AoeStats
← KootH.

Arabia

504606592Analyzed
4v4 RM · 27d ago on Sep 5, 2026· 45m 56s· 8 players
Game mode
Random Map
Map size
Large (8 player)
Population
200
Speed
Normal
Resources
Standard
Victory
Conquest
Starting age
Dark Age
Ending age
Imperial Age
RankedLock teamsTeams togetherTeam positionsShared explorationLock speedFull tech treeHidden civsTurbo modeCheats
Victory
Defeat
🇫🇷 Goths · France
1554
+14
🇺🇾 Shu · Uruguay
1475
+17
🇦🇷 Wei · Argentina
1385
+20
🇦🇷 Vietnamese · Argentina
1384
+21
🇦🇷 Maya · Argentina
1540
-20
🇨🇴 Franks · Colombia
1524
-19
🇧🇷 Magyars · Brazil
1491
-18
🇧🇷 Britons · Brazil
1418
-15
Tamy Chan
2:34 Loom
9:10 Feudal Age
16:09 Town Watch
17:08 Fletching
18:13 Padded Archer Armor
24:33 Castle Age
22:48 Double-Bit Axe
23:45 Gold Mining
24:07 Horse Collar
24:58 Crossbowman
27:23 Bodkin Arrow
29:04 Wheelbarrow
31:29 Leather Archer Armor
35:49 Ballistics
39:39 Stone Mining
41:22 Hand Cart
41:51 Town Patrol
45:57 Imperial Age
Bet0
8:50 Feudal Age
9:22 Double-Bit Axe
9:45 Loom
15:49 Horse Collar
23:14 Castle Age
21:31 Gold Mining
21:52 Scale Barding Armor
23:47 Bloodlines
24:06 Husbandry
24:27 Chain Barding Armor
24:19 Light Cavalry
29:53 Wheelbarrow
30:11 Bow Saw
30:30 Heavy Plow
31:06 Gold Shaft Mining
30:55 Stone Mining
33:04 Hand Cart
43:52 Imperial Age
44:03 Cavalier
45:54 Plate Barding Armor
KootH.
6:12 Loom
9:03 Feudal Age
9:42 Double-Bit Axe
14:04 Forging
22:12 Wheelbarrow
26:01 Castle Age
25:59 Scale Barding Armor
27:26 Husbandry
28:03 Bow Saw
(GDL)Ultthor
0:28 Loom
9:51 Feudal Age
10:50 Double-Bit Axe
13:47 Fletching
14:44 Padded Archer Armor
23:04 Castle Age
23:40 Bodkin Arrow
23:12 Crossbowman
25:42 Ballistics
33:36 Thumb Ring
39:09 Leather Archer Armor
|MP| Luriel
6:45 Loom
9:35 Feudal Age
10:09 Double-Bit Axe
14:30 Fletching
15:19 Padded Archer Armor
22:16 Castle Age
20:59 Gold Mining
22:18 Crossbowman
23:03 Bodkin Arrow
23:39 Bow Saw
30:41 Leather Archer Armor
31:53 Ballistics
32:05 Thumb Ring
34:32 Wheelbarrow
35:56 Town Watch
40:51 Imperial Age
40:52 Arbalester
41:33 Bracer
42:34 Chemistry
43:21 Horse Collar
44:16 Gold Shaft Mining
43:32 Stone Mining
46:26 Coinage
Hiiki
7:04 Loom
8:49 Feudal Age
9:24 Double-Bit Axe
9:44 Horse Collar
13:37 Bloodlines
14:48 Scale Barding Armor
19:10 Fletching
22:05 Wheelbarrow
25:00 Castle Age
23:29 Forging
25:02 Light Cavalry
26:04 Chain Barding Armor
27:10 Husbandry
29:47 Gold Mining
32:02 Scale Mail Armor
32:08 Squires
38:14 Imperial Age
37:10 Chain Mail Armor
37:25 Pikeman
38:53 Anarchy
38:21 Halberdier
39:33 Conscription
39:13 Cavalier
41:08 Perfusion
41:45 Anarchy
41:59 Town Watch
42:34 Stone Mining
43:01 Hand Cart
43:58 Bow Saw
46:49 Iron Casting
Gandhi
9:26 Feudal Age
9:55 Double-Bit Axe
10:15 Loom
10:35 Loom
18:56 Fletching
24:18 Padded Archer Armor
30:22 Castle Age
28:12 Horse Collar
30:20 Wheelbarrow
29:59 Gold Mining
31:53 Thumb Ring
43:23 Stone Mining
46:05 Hand Cart
46:31 Bow Saw
|MP| layc0ni
5:58 Loom
9:23 Feudal Age
9:55 Double-Bit Axe
10:05 Horse Collar
16:13 Scale Barding Armor
17:28 Forging
20:00 Wheelbarrow
20:32 Bloodlines
23:06 Castle Age
21:48 Bloodlines
23:24 Gold Mining
23:26 Stone Mining
24:15 Bow Saw
24:06 Heavy Plow
24:11 Husbandry
24:37 Chain Barding Armor
35:20 Hand Cart
37:27 Town Watch
43:46 Fervor
47:24 Imperial Age
45:07 Treadmill Crane
45:47 Ballistics
46:12 Coinage
Connection lost

Rejoining the realm…

Still unreachable

The connection could not be restored.

Session expired

The server has moved on; the page needs a fresh start.